 Dungeon Crawl Stone Soup version 0.18-a0-1805-g8ab820f (webtiles) character file.

13510 inmateoo the Grappler (level 11, -2/102 HPs)
             Began as a Troll Summoner on Apr 26, 2016.
             Was the Champion of Cheibriados.
             Slain by a hill giant
             ... wielding a +0 giant club
              (32 damage)
             ... on level 12 of the Dungeon.
             The game lasted 00:16:41 (9340 turns).

inmateoo the Grappler (Troll Summoner)              Turns: 9340, Time: 00:16:41

Health: -2/102     AC:  9    Str: 44    XL:     11   Next: 76%
Magic:  9/14       EV: 17    Int: 31    God:    Cheibriados [******]
Gold:   860        SH:  0    Dex: 31    Spells: 2 memorised, 8 levels left

rFire  . . .     SeeInvis .       - Unarmed
rCold  . . .     Gourm    +     t - +2 robe {MR+}
rNeg   . . .     Faith    .     (no shield)
rPois  +         Spirit   .     p - +2 hat {Int+3}
rElec  .         Dismiss  .     (no cloak)
rCorr  .         Reflect  .     (gloves unavailable)
SustAt .         Harm     .     (boots unavailable)
MR     +....                    (no amulet)
Stlth  +++.......               o - ring of poison resistance
                                B - ring of Hard Scrabble {Str+6 Dex+4}

@: very slow, somewhat resistant to hostile enchantments, fairly stealthy
A: unfitting armour, claws 3, horns 1, repulsion field 1, agile 1, blurry vision
1, clever 1, fast metabolism 3, gourmand, regeneration 3, shaggy fur 1, strong
1, tough skin 2
a: Bend Time, Temporal Distortion, Slouch, Step From Time, Renounce Religion


You were on level 12 of the Dungeon.
You worshipped Cheibriados.
Cheibriados was exalted by your worship.
You were very full.

You visited 1 branch of the dungeon, and saw 12 of its levels.
You also visited: Ossuary.

You collected 860 gold pieces.

Inventory:

Missiles
 H - 10 large rocks (quivered)
Armour
 p - a +2 hat of intelligence (worn)
 t - a +2 robe of magic resistance (worn)
Jewellery
 f - an uncursed ring of resist corrosion
 o - a ring of poison resistance (right claw)
 x - an uncursed ring of wizardry
 y - an uncursed ring of protection from cold
 B - the ring of Hard Scrabble (left claw) {Str+6 Dex+4}
   (You found it on level 7 of the Dungeon)

   [ring of dexterity]

   It affects your strength (+6).
   It affects your dexterity (+4).
 D - a +1 ring of evasion {unknown}
 J - an uncursed ring of protection from magic {unknown}
 L - an uncursed amulet of guardian spirit {unknown}
Wands
 C - a wand of teleportation (3/9)
 E - a wand of digging (1/24)
 G - a wand of random effects (29/48)
Scrolls
 d - 2 scrolls of teleportation
 g - 2 scrolls of enchant weapon
 k - 2 scrolls of fog
 s - 5 scrolls of remove curse
Potions
 a - 2 potions of might
 e - 8 potions of flight
 h - 4 potions of brilliance
 i - a potion of cancellation
 l - 2 potions of resistance {unknown}
 m - 2 potions of agility {unknown}
 n - 8 potions of curing
 q - 4 potions of lignification
 z - a potion of cure mutation
Books
 b - a book of Callings

   Spells                             Type                      Level
   a - Summon Small Mammal            Summoning                    1
   b - Call Imp                       Summoning                    2
   c - Call Canine Familiar           Summoning                    3
   d - Summon Guardian Golem          Hexes/Summoning              3
   e - Summon Lightning Spire         Summoning/Air                4
   f - Summon Ice Beast               Ice/Summoning                4
 F - a book of the Earth

   Spells                             Type                      Level
   a - Leda's Liquefaction            Hexes/Earth                  4
   b - Bolt of Magma                  Conjuration/Fire/Earth       5
   c - Statue Form                    Transmutation/Earth          6
   d - Iron Shot                      Conjuration/Earth            6
   e - Shatter                        Earth                        9
 M - a book of the Dragon

   Spells                             Type                      Level
   a - Flame Tongue                   Conjuration/Fire             1
   b - Cause Fear                     Hexes                        4
   c - Bolt of Fire                   Conjuration/Fire             6
   d - Dragon Form                    Transmutation                7
   e - Dragon's Call                  Summoning                    9
Miscellaneous
 I - a stone of tremors
Comestibles
 c - 4 bread rations
 j - 5 meat rations
 r - a slice of pizza
 v - 21 royal jellies
 w - a beef jerky
 A - 11 fruits


   Skills:
 + Level 5.0 Fighting
 + Level 7.3 Throwing
 + Level 1.2 Armour
 - Level 5.0 Dodging
 - Level 1.1 Stealth
 * Level 12.0 Unarmed Combat
 + Level 2.8 Spellcasting
 - Level 2.9 Summonings
 + Level 3.0 Transmutations
 + Level 3.3 Earth Magic
 + Level 4.5 Invocations


You had 8 spell levels left.
You knew the following spells:

 Your Spells              Type           Power        Failure   Level  Hunger
a - Summon Small Mammal   Summ           ###.         1%          1    None
b - Statue Form           Trmt/Erth      ###......    100%        6    #######


Dungeon Overview and Level Annotations

Branches:
Dungeon (12/15)            Temple (0/1) D:7            Lair (0/8) D:10
    Orc (0/2) D:11

Altars:
Ashenzari
Cheibriados
Dithmenos
Fedhas
Gozag
Kikubaaqudgha
Makhleb
Nemelex Xobeh
Okawaru
Pakellas
Qazlal
Ru
Sif Muna
Trog
Vehumet
The Shining One

Annotations:
D:10 exclusion: oklob plant


Innate Abilities, Weirdness & Mutations

You are too large for most types of armour.
You have claws for hands.
Your metabolism is lightning-fast.
You like to eat raw meat.
You regenerate.
You are covered in fur (AC +1).
You have very tough skin (AC +2).
You have a pair of small horns on your head.
You are surrounded by a mild repulsion field (EV +2).
You are agile. (Dex +2)
Scrolls take you a little longer to read.
Your mind is acute. (Int +2)
Your muscles are strong. (Str +2)


Message History

The orc warrior hits you from afar with a glaive.
The orc misses you.
Unknown command.
You can feel time thicken for a moment.
You kill the orc!
Cheibriados appreciates the change of pace.
You kill the orc!
Cheibriados appreciates the change of pace.
You kill the orc wizard!
Cheibriados appreciates the change of pace.
You feel somewhat less full.
The hill giant hits you with a giant club!!!
The orc warrior hits you from afar with a glaive!
* * * LOW HITPOINT WARNING * * *
Unknown command.
Unknown command.
You barely miss the hill giant. You headbutt the hill giant!
The hill giant is almost dead.
The hill giant hits you with a giant club!!
You die...

... ... )... .....
.....##########
.......)......#
.....oC†......#
###+###########@......#
#...##.......##.).....#
#............##.).....# #
#)...........###'###### #
#)..##..................
#
##...##..................
#
|........................
#
..............##.......##
#
..............##.......#
#


You could see a hill giant and an orc warrior.

Vanquished Creatures
  A hydra (D:11)
  2 hill giants (D:10)
  Pikel (D:4)
  2 ugly things (D:11)
  2 cyclopes (D:11)
  Grinder (D:4)
  A queen bee (D:11)
  3 trolls
  2 two-headed ogres (D:10)
  Sigmund (D:5)
  6 yaks (D:11)
  3 hippogriffs
  Menkaure (D:5)
  Edmund (D:4)
  Duvessa (D:5)
  3 orc warriors
  2 sky beasts
  4 black bears
  6 ogres
  3 phantoms
  6 centaurs
  Blork the orc (D:4)
  A crocodile (D:12)
  3 big kobolds
  7 giant frogs
  Dowan (D:5)
  2 scorpions (D:6)
  29 killer bees
  5 wights (D:10)
  A howler monkey (D:12)
  2 electric eels (D:8)
  A crimson imp (D:10)
  A centaur zombie (D:6)
  A giant frog zombie (D:6)
  2 quasits
  9 orc wizards
  A gnoll shaman (D:7)
  10 orc priests
  A giant frog skeleton (D:6)
  2 hounds
  7 jellies
  3 iguanas
  4 centaur skeletons
  5 worker ants
  A big kobold zombie (Ossuary)
  A hound zombie (D:5)
  5 mummies
  A howler monkey zombie (D:9)
  A worker ant zombie (D:9)
  7 gnolls (D:7)
  14 adders
  A howler monkey skeleton (D:7)
  3 shadow imps
  6 oozes
  An adder zombie (D:5)
  2 adder skeletons
  A worm (D:2)
  2 dart slugs
  5 giant geckos
  68 orcs
  6 giant cockroaches
  5 hobgoblins
  10 jackals
  17 kobolds
  11 quokkas
  2 ball pythons
  7 bats
  3 giant newts
  5 goblins
  2 goblin zombies (Ossuary)
  A hobgoblin zombie (Ossuary)
  3 kobold zombies
  3 orc zombies
  A quokka zombie (D:7)
  7 rats
  2 fungi (D:2)
355 creatures vanquished.

Vanquished Creatures (others)
  An orc priest (D:4)
  A hound (D:4)
  An orc wizard (D:4)
  An adder (D:4)
  An orc (D:4)
5 creatures vanquished.

Grand Total: 360 creatures vanquished

Notes
Turn   | Place    | Note
--------------------------------------------------------------
     0 | D:1      | inmateoo the Troll Summoner began the quest for the Orb.
     0 | D:1      | Reached XP level 1. HP: 16/16 MP: 1/1
    36 | D:1      | Reached skill level 1 in Unarmed Combat
   325 | D:1      | Reached XP level 2. HP: 22/24 MP: 2/2
   365 | D:1      | Reached skill level 2 in Unarmed Combat
   685 | D:2      | Reached XP level 3. HP: 19/31 MP: 3/3
   732 | D:2      | Reached skill level 3 in Unarmed Combat
  1047 | D:2      | Reached XP level 4. HP: 21/39 MP: 4/4
  1451 | D:3      | Reached skill level 4 in Unarmed Combat
  1659 | D:3      | Found a sacrificial altar of Ru.
  2043 | D:4      | Reached XP level 5. HP: 19/45 MP: 5/5
  2142 | D:4      | Reached skill level 5 in Unarmed Combat
  2152 | D:4      | Noticed Edmund
  2234 | D:4      | Killed Edmund
  2234 | D:4      | Reached skill level 1 in Throwing
  2234 | D:4      | Reached XP level 6. HP: 19/53 MP: 6/6
  2247 | D:4      | Noticed Grinder
  2343 | D:4      | Found an iron altar of Okawaru.
  2424 | D:4      | Noticed Blork the orc
  2426 | D:4      | Noticed a slave
  2427 | D:4      | Noticed Pikel
  2427 | D:4      | Noticed a slave
  2429 | D:4      | Noticed a slave
  2432 | D:4      | Noticed a slave
  2432 | D:4      | Killed Blork the orc
  2432 | D:4      | Reached skill level 6 in Unarmed Combat
  2455 | D:4      | Killed Pikel
  2455 | D:4      | Reached skill level 7 in Unarmed Combat
  2455 | D:4      | Reached XP level 7. HP: 27/59 MP: 7/7
  2560 | D:4      | Found a snail-covered altar of Cheibriados.
  2563 | D:4      | Became a worshipper of Cheibriados the Contemplative
  2849 | D:4      | Killed Grinder
  2849 | D:4      | Reached skill level 8 in Unarmed Combat
  2849 | D:4      | Reached XP level 8. HP: 53/67 MP: 8/8
  2866 | D:4      | Found a glowing golden altar of the Shining One.
  2907 | D:5      | Entered Level 5 of the Dungeon
  2907 | D:5      | Noticed Sigmund
  2920 | D:5      | Killed Sigmund
  2973 | D:5      | Found a sand-covered staircase.
  3004 | Ossuary  | Entered an ossuary
  3076 | Ossuary  | Gained mutation: You are agile. (Dex +2) [potion of mutation]
  3076 | Ossuary  | Gained mutation: You regenerate. [potion of mutation]
  3076 | Ossuary  | Gained mutation: You evolve. [potion of mutation]
  3250 | D:5      | Noticed Menkaure
  3257 | D:5      | Killed Menkaure
  3257 | D:5      | Reached skill level 1 in Fighting
  3354 | D:5      | Reached * piety under Cheibriados
  3358 | D:5      | Found an oddly glowing altar of Pakellas.
  3460 | D:5      | Found a bloodstained altar of Trog.
  3525 | D:5      | Reached skill level 9 in Unarmed Combat
  3587 | D:5      | Noticed Duvessa
  3588 | D:5      | Noticed Dowan
  3610 | D:5      | Killed Dowan
  3637 | D:5      | Killed Duvessa
  3791 | D:5      | Gained mutation: Your mind is acute. (Int +2) [evolution]
  4169 | D:6      | Reached ** piety under Cheibriados
  4219 | D:6      | Reached XP level 9. HP: 71/79 MP: 9/9
  4239 | D:6      | Reached skill level 5 in Throwing
  4290 | D:6      | Found a stormy altar of Qazlal.
  4298 | D:6      | Found a blossoming altar of Fedhas.
  4762 | D:7      | Got a heavily runed pewter ring
  4766 | D:7      | Identified the ring of Hard Scrabble {Str+6 Dex+4} (You found it on level 7 of the Dungeon)
  4920 | D:7      | Found a staircase to the Ecumenical Temple.
  4965 | D:7      | Reached skill level 10 in Unarmed Combat
  4968 | D:7      | Reached *** piety under Cheibriados
  5039 | D:7      | Found a sparkling altar of Nemelex Xobeh.
  5069 | D:7      | Reached skill level 1 in Invocations
  5071 | D:7      | Gained mutation: Your muscles are strong. (Str +2) [evolution]
  5523 | D:8      | Reached **** piety under Cheibriados
  5547 | D:8      | Found a burning altar of Makhleb.
  5549 | D:8      | Found an opulent altar of Gozag.
  5711 | D:8      | Reached XP level 10. HP: 89/91 MP: 10/10
  5757 | D:8      | Found an ancient bone altar of Kikubaaqudgha.
  5901 | D:8      | Found a radiant altar of Vehumet.
  6067 | D:9      | Found a shattered altar of Ashenzari.
  6148 | D:9      | Found a shadowy altar of Dithmenos.
  6241 | D:9      | Found a deep blue altar of Sif Muna.
  6363 | D:9      | Gained mutation: You have a pair of small horns on your head. [evolution]
  6385 | D:9      | Reached ***** piety under Cheibriados
  6603 | D:9      | Learned a level 6 spell: Statue Form
  6732 | D:10     | Entered Level 10 of the Dungeon
  6735 | D:10     | Reached skill level 11 in Unarmed Combat
  6773 | D:10     | Reached skill level 1 in Earth Magic
  6792 | D:10     | Reached skill level 1 in Transmutations
  6805 | D:10     | Noticed a hill giant
  6807 | D:10     | Killed a hill giant
  6818 | D:10     | Found a sacrificial altar of Ru.
  6989 | D:10     | Noticed an oklob plant
  7227 | D:10     | Found a staircase to the Lair.
  7447 | D:10     | Noticed a hill giant
  7455 | D:10     | Reached XP level 11. HP: 46/101 MP: 11/13
  7458 | D:10     | Killed a hill giant
  7615 | D:10     | Lost mutation: You evolve. [evolution]
  7983 | D:11     | Reached ****** piety under Cheibriados
  8022 | D:11     | Identified a scroll of acquirement
  8063 | D:11     | Noticed a five-headed hydra
  8077 | D:11     | Found a staircase to the Orcish Mines.
  8425 | D:11     | Reached skill level 5 in Dodging
  8483 | D:11     | Gained mutation: You are surrounded by a mild repulsion field (EV +2). [potion of beneficial mutation]
  8636 | D:11     | Killed a seven-headed hydra
  8755 | D:11     | Noticed a red ugly thing
  8757 | D:11     | Noticed a cyan ugly thing
  8758 | D:11     | Killed a cyan ugly thing
  8758 | D:11     | Reached skill level 1 in Armour
  8765 | D:11     | Killed a red ugly thing
  8870 | D:11     | Gained mutation: Scrolls take you a little longer to read. [mutagenic meat]
  9095 | D:11     | Reached skill level 5 in Fighting
  9098 | D:11     | Reached skill level 12 in Unarmed Combat
  9333 | D:12     | Noticed a hill giant
  9340 | D:12     | Slain by a hill giant

Vault maps used:
D:1:      dpeg_arrival_arbitrary_c
D:2:      minmay_gold_behind_fungi
D:3:      nicolae_ru_the_path_less_chosen
D:4:      okawaru_trees_2, kennysheep_mini_moat, tso_altar, uniq_pikel,
          uniq_grinder, uniq_blork_the_orc, uniq_edmund
D:5:      bloody_trog, nicolae_overflow_crystal_walls, first_bread,
          nicolae_ossuary_entry_giza, grunt_ministairs_1, st_stairs_3,
          uniq_sigmund, uniq_menkaure, uniq_duvessa
D:6:      grunt_temple_overflow_forces_of_nature
D:7:      nemelex_altar_shiori
D:8:      kennysheep_mini, kiku_gazebo_pond_becter, grunt_temple_overflow_open,
          hangedman_little_slice_of_home, minivault_14
D:9:      nicolae_dithmenos_shadow_blocks, old_standard_altar,
          nicolae_ashenzari_panopticon
D:10:     dpeg_oklobed_lair, basic_altar
D:11:     hiddenorc2_lemuel, minivault_7
D:12:     serial_shops, nicolae_shop_window_shopping
Ossuary:  ossuary_crypta

Skill      XL: |  1  2  3  4  5  6  7  8  9 10 11 |
---------------+----------------------------------+-----
Unarmed Combat | 1 2 3 4 5 7 8 9 10 11 12 | 12.0
Throwing       | 1 3 4 5 6 7 |  7.3
Fighting       | 2 3 4 5 |  5.0
Dodging        | 2 3 4 5 |  5.0
Invocations    | 2 3 4 |  4.5
Earth Magic    | 2 3 |  3.3
Transmutations | 1 3 |  3.0
Spellcasting   | 2 |  2.8
Armour         | 1 |  1.2
Stealth        | |  1.1
Summonings     | |  2.9

Action                   |  1- 3 |  4- 6 |  7- 9 | 10-12 || total
-------------------------+-------+-------+-------+-------++-------
Melee: Unarmed           |   106 |   167 |   295 |   288 ||   856
       Punch             |       |     7 |    18 |    18 ||    43
       Headbutt          |       |       |       |    76 ||    76
Throw: Large rock        |       |       |     2 |    15 ||    17
Invok: Slouch            |       |       |       |     4 ||     4
  Use: Scroll            |       |     9 |     3 |    11 ||    23
       Potion            |       |       |     1 |     1 ||     2
 Stab: Sleeping          |     2 |     2 |     5 |     8 ||    17
       Distracted        |       |       |       |     2 ||     2
  Eat: Chunk             |    14 |    13 |    25 |    25 ||    77
Armor: Robe              |    43 |    37 |    81 |    69 ||   230
Dodge: Dodged            |    38 |    54 |   166 |   253 ||   511
